 Dungeon Crawl Stone Soup version 0.29-a0-1023-g6ae1a4a2c7 (webtiles) character file.

Game seed: 1960368348983432121

694 27heaven the Slasher (level 7, -2/91 HPs)
             Began as a Minotaur Enchanter on Aug 11, 2022.
             Was an Initiate of Gozag.
             Slain by a lemure (4 damage)
             ... led by Pikel
             ... in the Ecumenical Temple.
             The game lasted 00:08:35 (5586 turns).

27heaven the Slasher (Minotaur Enchanter)           Turns: 5586, Time: 00:08:37

Health: -2/91      AC:  4    Str: 15    XL:     7   Next: 37%
Magic:  8/8        EV: 11    Int: 12    God:    Gozag
Gold:   149        SH:  0    Dex: 10    Spells: 8/8 levels left

rFire   . . .      SeeInvis .   s - +0 scimitar
rCold   + . .      Faith    .   (no shield)
rNeg    . . .      Spirit   .   n - +0 leather armour {rC+}
rPois   .          Reflect  .   (helmet restricted)
rElec   .          Harm     .   (no cloak)
rCorr   .          Rampage  .   k - +0 pair of gloves
Will    .....                   (no boots)
Stlth   ..........              (no amulet)
HPRegen 0.25/turn               (no ring)
MPRegen 0.11/turn               (no ring)

@: brilliant, berserking, flying, very quick
A: horns 2, retaliatory headbutt
a: Renounce Religion, Potion Petition, Call Merchant, Bribe Branch


You were in the Ecumenical Temple.
You worshipped Gozag.
Gozag was aware of your devotion.
You visited 2 branches of the dungeon, and saw 5 of its levels.

You collected 212 gold pieces.
You paid 63 gold pieces to Gozag.

Inventory:

Hand Weapons
 s - a +0 scimitar (weapon)
Missiles
 d - a throwing net (quivered)
Armour
 k - a +0 pair of gloves (worn)
 n - a +0 leather armour of cold resistance (worn)
Scrolls
 a - 3 scrolls of identify {unknown}
 b - 2 scrolls of blinking {unknown}
 e - 2 scrolls of fear {unknown}
 f - a scroll of teleportation {unknown}
 g - a scroll of poison {unknown}
 i - a scroll of amnesia {unknown}
 l - a scroll of summoning {unknown}
 p - a scroll of enchant armour {unknown}
 q - a scroll of torment {unknown}
 r - a scroll of immolation {unknown}
Potions
 c - 2 potions of invisibility
 h - a potion of flight
 m - a potion of might {unknown}
 o - a potion of brilliance
 t - a potion of heal wounds {unknown}


   Skills:
 - Level 5.0 Fighting
 - Level 1.1(3.7) Short Blades
 + Level 6.2(6.3) Long Blades
 - Level 2.1 Dodging
 - Level 2.4 Stealth
 - Level 1.3 Spellcasting
 - Level 2.0 Hexes
 - Level 3.9 Invocations


You had 8 spell levels left.
You didn't know any spells.
Your spell library contained the following spells:

 Spells                   Type           Power      Damage    Failure   Level
 Ensorcelled Hibernation  Hex/Ice        8%         N/A       34%         2
 Confusing Touch          Hex            8%         N/A       43%         3
 Tukima's Dance           Hex            8%         N/A       43%         3
 Sublimation of Blood     Necr           1%         N/A       47%         2
 Wereblood                Tmut           1%         N/A       47%         2
 Dazzling Flash           Conj/Hex       8%         N/A       56%         3
 Portal Projectile        Hex/Tloc       8%         N/A       56%         3
 Call Canine Familiar     Summ           1%         N/A       71%         3
 Leda's Liquefaction      Hex/Erth       2%         N/A       93%         4
 Summon Ice Beast         Ice/Summ       1%         N/A       98%         4
 Summon Mana Viper        Hex/Summ       4%         N/A       100%        5
 Monstrous Menagerie      Summ           0%         N/A       100%        7
 Summon Hydra             Summ           0%         N/A       100%        7


Dungeon Overview and Level Annotations

Branches:
Dungeon (4/15)             Temple (1/1) D:4

Altars:
Cheibriados
Dithmenos
Elyvilon
Gozag
Hepliaklqana
Kikubaaqudgha
Makhleb
Nemelex Xobeh
Okawaru
Qazlal
Ru
Uskayaw
Vehumet
Xom
Yredelemnul

Annotations:
D:4 Pikel


Innate Abilities, Weirdness & Mutations

You have a pair of horns on your head.
You reflexively headbutt those who attack you in melee.


Message History

You are too injured to fight recklessly!
You hit the lemure but do no damage.
The lemure is moderately wounded.
The lemure hits you. The lemure hits you but does no damage.
You hit the lemure but do no damage. You headbutt the lemure!
The lemure is heavily wounded.
The lemure hits you but does no damage. The lemure hits you.
You hit the lemure.
The lemure is heavily wounded.
The lemure hits you. The lemure hits you but does no damage.
You hit the lemure.
The lemure is severely wounded.
The lemure misses you. You furiously retaliate!
You headbutt the lemure. The lemure hits you.
* * * LOW HITPOINT WARNING * * *
The lemure attacks as you move away! The lemure misses you.
The lemure attacks as you move away! The lemure hits you.
* * * LOW HITPOINT WARNING * * *
The lemure attacks as you move away! The lemure closely misses you.
The lemure attacks as you move away! The lemure hits you.
* * * LOW HITPOINT WARNING * * *
It was a potion of flight.
You feel very buoyant.
You fly up into the air.
The lemure hits you but does no damage. x2
It was a potion of brilliance.
You feel clever all of a sudden. The lemure barely misses you. x2
It was a potion of berserk rage.
A red film seems to cover your vision as you go berserk!
You feel yourself moving faster!
You feel mighty! The lemure hits you!
* * * LOW HITPOINT WARNING * * *
The lemure hits you.
* * * LOW HITPOINT WARNING * * *
You barely miss the lemure.
The lemure is severely wounded.
The lemure barely misses you. You furiously retaliate!
You headbutt the lemure!
You kill the lemure!
That felt strangely unrewarding.
The lemure hits you.
You die...
Your body crumbles into a pile of gold.

###########
##...._....##
#.........._#
##..._...._..##
##.............##
##...............#
#_......©.©..._...
###################
#.......@©8©.......
#.<....5...........
#........©8©.......
###################
#_..._..©.©..._.._
##...............#
##...._...._...##
##...........##
#...........#


You could see a lemure.

Vanquished Creatures
  Sigmund (D:4)
  An orc warrior (D:4)
  A black bear (D:4)
  3 lemures (Temple)
  A scorpion (D:4)
  An orc priest (D:4)
  A hound (D:4)
  2 iguanas (D:4)
  An orc wizard (D:4)
  4 adders
  4 worms
  4 dart slugs
  2 orcs (D:4)
  5 endoplasms
  2 giant cockroaches
  8 goblins
  3 hobgoblins
  6 jackals
  9 kobolds
  5 quokkas
  13 ball pythons
  3 bats (D:2)
  8 frilled lizards
  5 rats
93 creatures vanquished.

Vanquished Creatures (others)
  8 plants (D:4)
  A withered plant (D:2)
9 creatures vanquished.

Grand Total: 102 creatures vanquished

Notes
Turn   | Place    | Note
-------+----------+-------------------------------------------
     0 | D:1      | 27heaven the Minotaur Enchanter began the quest for the
                  | Orb.
     0 | D:1      | Reached XP level 1. HP: 14/14 MP: 1/1
    50 | D:1      | Reached skill level 1 in Long Blades
   264 | D:1      | Reached skill level 2 in Long Blades
   264 | D:1      | Reached XP level 2. HP: 14/20 MP: 3/3
  1438 | D:1      | Reached skill level 3 in Long Blades
  1978 | D:2      | Reached XP level 3. HP: 12/26 MP: 4/4
  2381 | D:2      | Reached skill level 1 in Fighting
  2411 | D:2      | Found a faded altar of an unknown god.
  2432 | D:2      | Prayed at the altar of an unknown god.
  2432 | D:2      | Became a worshipper of Uskayaw the Reveller
  2432 | D:2      | Reached * piety under Uskayaw
  2613 | D:2      | Reached ** piety under Uskayaw
  2900 | D:3      | Reached XP level 4. HP: 29/36 MP: 5/5
  3426 | D:3      | Reached skill level 4 in Long Blades
  3442 | D:3      | Reached skill level 1 in Invocations
  3614 | D:3      | Identified the +7 hand axe of Moiggag {venom, MP+9}
  4127 | D:4      | Noticed a scorpion
  4143 | D:4      | Killed a scorpion
  4143 | D:4      | Reached *** piety under Uskayaw
  4144 | D:4      | Reached XP level 5. HP: 44/44 MP: 6/6
  4146 | D:4      | Noticed Sigmund
  4149 | D:4      | Found a basalt altar of Yredelemnul.
  4154 | D:4      | Killed Sigmund
  4155 | D:4      | Reached skill level 5 in Long Blades
  4155 | D:4      | Reached XP level 6. HP: 42/52 MP: 7/7
  4789 | D:4      | Noticed an orc warrior
  4801 | D:4      | Reached XP level 7. HP: 46/60 MP: 1/8
  4805 | D:4      | Reached skill level 6 in Long Blades
  4884 | D:4      | Reached skill level 5 in Fighting
  5198 | D:4      | Found a sparkling altar of Nemelex Xobeh.
  5433 | D:4      | Found a staircase to the Ecumenical Temple.
  5434 | D:4      | Noticed Pikel
  5438 | Temple   | Entered the Ecumenical Temple
  5438 | Temple   | Found a transporter.
  5438 | Temple   | Found a transporter.
  5452 | Temple   | Found a transporter.
  5452 | Temple   | Found a transporter.
  5549 | Temple   | Fell from the grace of Uskayaw
  5549 | Temple   | Became a worshipper of Gozag Ym Sagoz the Greedy
  5585 | Temple   | HP: 2/91 [lemure[Pikel] (4)]
  5586 | Temple   | Slain by a lemure

Illustrated notes

Levels and vault maps discovered:
D:1:      dpeg_arrival_long_road, layout_rooms
D:2:      layout_rooms, ebering_ecumenical_altar_petrified,
          minmay_indecisive_spiral
D:3:      minmay_spotlight, layout_basic, chequers_serial_rivers_small_a,
          minivault_14, grunt_decor_clamped
D:4:      layout_layer_cave, nemelex_dance_club_becter,
          yredelemnul_altar_generic, temple_statues, minmay_lizard_king,
          uniq_pikel, uniq_sigmund
Temple:   hellmonk_temple_divided_pantheon

Skill      XL: |  1  2  3  4  5  6  7 |
---------------+----------------------+-----
Long Blades    | 2 3 4 5 6 |  6.2
Fighting       | 1 2 3 4 5 |  5.0
Invocations    | 1 2 3 |  3.9
Short Blades   | |  1.1
Dodging        | |  2.1
Stealth        | |  2.4
Spellcasting   | |  1.3
Hexes          | |  2.0

Action                   |  1- 3 |  4- 6 |  7- 9 || total
-------------------------+-------+-------+-------++-------
Melee: Dagger            |   121 |    94 |    16 ||   231
       Headbutt          |    17 |    12 |     5 ||    34
       Punch             |     1 |     1 |     1 ||     3
       Scimitar          |       |       |    31 ||    31
Invok: Stomp             |       |     3 |       ||     3
  Use: Potion            |       |     2 |     3 ||     5
 Stab: Sleeping          |     2 |     1 |     3 ||     6
       Invisible         |       |     3 |     1 ||     4
       Paralysed         |       |     1 |     1 ||     2
Armor: Robe              |    12 |     1 |       ||    13
       Leather armour    |       |    16 |     9 ||    25
Dodge: Dodged            |    68 |    55 |    36 ||   159

Table legend: (Time is in decaauts)
 A = Elapsed time spent in this place.
 B = Non-inter-level travel time spent in this place.
 C = Inter-level travel time spent in this place.
 D = Time resting spent in this place.
 E = Time spent auto-exploring this place.
 F = Levels seen in this place.
 G = Mean time per level.
                   A        B        C        D        E       F      G
               +--------+--------+--------+--------+--------+-----+--------+
         Total |   5569 |   5313 |    256 |    682 |   3743 |   5 | 1113.8 |
       Dungeon |   5421 |   5165 |    256 |    682 |   3670 |   4 | 1355.2 |
        Temple |    148 |    148 |      0 |      0 |     73 |   1 |  148.0 |
               +--------+--------+--------+--------+--------+-----+--------+

Top non-repeatable levels by time:
     D:1: 2068 daAuts
     D:4: 1351 daAuts
     D:3: 1139 daAuts
     D:2: 861 daAuts
  Temple: 148 daAuts
